 Dungeon Crawl Stone Soup version 0.26-a0-20-g5f92b90fa0 (webtiles) character file.

Game seed: 8797025849254111335, levelgen mode: deterministic

224 MisterFreud the Slasher (level 6, -8/43 HPs)
             Began as an Octopode Gladiator on May 25, 2020.
             Was an Initiate of Cheibriados.
             Mangled by an ice beast (11 damage)
             ... on level 5 of the Dungeon.
             The game lasted 00:03:57 (3500 turns).

MisterFreud the Slasher (Octopode Gladiator)        Turns: 3500, Time: 00:03:58

Health: -8/43      AC:  1    Str: 14    XL:     6   Next: 0%
Magic:  6/6        EV: 14    Int: 13    God:    Cheibriados [......]
Gold:   243        SH:  0    Dex: 15    Spells: 5/5 levels left

rFire    . . .     SeeInvis .   a - +0 long sword
rCold    . . .     Gourm    .   (no shield)
rNeg     . . .     Faith    .   b - +0 hat
rPois    .         Spirit   .   (no amulet)
rElec    .         Reflect  .   n - +4 ring of slaying
rCorr    .         Harm     .   (no ring)
MR       .....                  (no ring)
Stlth    ++........             (no ring)
HPRegen  0.14/turn              (no ring)
MPRegen  0.10/turn              (no ring)
                                (no ring)
                                (no ring)

@: very slow
A: almost no armour, stealthy swim, amphibious, 8 rings, constrict 8, camouflage
1, gelatinous body 1
a: Bend Time, Renounce Religion


You were on level 5 of the Dungeon.
You worshipped Cheibriados.
Cheibriados was noncommittal.
You were not hungry.

You visited 2 branches of the dungeon, and saw 6 of its levels.

You collected 243 gold pieces.

Inventory:

Hand Weapons
 a - a +0 long sword (weapon)
Missiles
 c - 3 throwing nets (quivered)
Armour
 b - a +0 hat (worn)
Jewellery
 n - a +4 ring of slaying (left tentacle)
Scrolls
 f - a scroll of fog {unknown}
 g - 2 scrolls of teleportation {unknown}
 j - 3 scrolls of identify {unknown}
 o - a scroll of fear {unknown}
 p - a scroll of remove curse {unknown}
 q - a scroll of magic mapping {unknown}
 u - 2 scrolls of enchant armour {unknown}
Potions
 e - 2 potions of flight {unknown}
 h - 3 potions of heal wounds {unknown}
 i - 2 potions of curing {unknown}
 k - 2 potions of berserk rage {unknown}
 l - a potion of ambrosia {unknown}
 m - 2 potions of stabbing {unknown}
 r - a potion of brilliance {unknown}
 s - a potion of mutation {unknown}
Comestibles
 d - 11 rations


   Skills:
 - Level 4.0 Fighting
 + Level 5.4 Long Blades
 - Level 2.0 Throwing
 - Level 3.0 Dodging


You had 5 spell levels left.
You didn't know any spells.
Your spell library was empty.

Dungeon Overview and Level Annotations

Branches:
Dungeon (5/15)             Temple (1/1) D:5

Altars:
Ashenzari
Cheibriados
Fedhas
Makhleb
Nemelex Xobeh
Okawaru
Sif Muna
Trog
Wu Jian
Yredelemnul
The Shining One

Annotations:
D:5 Menkaure


Innate Abilities, Weirdness & Mutations

You cannot wear most types of armour.
You are very stealthy in the water. (Stealth+)
You are amphibious.
You can wear up to eight rings at the same time.
You can use your tentacles to constrict eight enemies at once.
Your skin changes colour to match your surroundings (Stealth+).
Your rubbery body absorbs attacks. (AC +1, EV +1)


Message History

The orc priest convulses!
The orc priest shouts!
The orc convulses! x2; The ice beast convulses!
Your body is wracked with pain!
The ice beast barely misses you.
You riposte.
You barely miss the ice beast. You squeeze the ice beast!
The ice beast is severely wounded.
The orc priest looks encouraged for a moment.
The orc misses you.
You riposte.
You closely miss the orc. You grab the orc.
The orc is moderately wounded.
You release your grip on the orc.
The orc priest invokes the aid of Beogh against you.
Beogh smites you!
* * * LOW HITPOINT WARNING * * *
Menkaure calls on the powers of darkness!
The orc convulses!
The ice beast convulses!
Your body is wracked with pain!
* * * LOW HITPOINT WARNING * * *
The ice beast hits you.
* * * LOW HITPOINT WARNING * * *
The ice beast freezes you!
You die...

..#.. .. ##.#.##.#
####.$#.... ..........
#.....o.# #......##
########### #....o..##
#.........#
#.......M####.........#
#......#..oY@..........#
.....##.#...###.........#
..... #.###..##.........#
.... #.# ##.##.........#
... #.# ..#.........# .##
..# #.#........<# ..
#...........#
#..........# ##..##.#####


You could see an ice beast, Menkaure (fast), an orc priest and an orc.

Vanquished Creatures
  A bullfrog zombie (D:5)
  An iguana (D:4)
  A worker ant (D:4)
  7 adders
  A worm (D:2)
  2 dart slugs (D:1)
  6 leopard geckos
  5 bats
  3 giant cockroaches
  6 goblins
  9 hobgoblins
  11 jackals
  7 frilled lizards
  3 kobolds
  7 rats
70 creatures vanquished.

Notes
Turn   | Place    | Note
-------+----------+-------------------------------------------
     0 | D:1      | MisterFreud the Octopode Gladiator began the quest for the
                  | Orb.
     0 | D:1      | Reached XP level 1. HP: 14/14 MP: 1/1
   233 | D:1      | Reached XP level 2. HP: 20/20 MP: 2/2
   937 | D:2      | Found a burning altar of Makhleb.
   984 | D:2      | Reached XP level 3. HP: 26/26 MP: 3/3
  1134 | D:2      | Found a bloodstained altar of Trog.
  1706 | D:3      | Reached XP level 4. HP: 33/33 MP: 4/4
  2250 | D:3      | Reached skill level 4 in Long Blades
  2657 | D:4      | Reached XP level 5. HP: 28/37 MP: 5/5
  3222 | D:5      | Entered Level 5 of the Dungeon
  3225 | D:5      | Reached skill level 5 in Long Blades
  3229 | D:5      | Found a staircase to the Ecumenical Temple.
  3256 | D:5      | Reached XP level 6. HP: 39/43 MP: 6/6
  3263 | Temple   | Entered the Ecumenical Temple
  3394 | Temple   | Became a worshipper of Cheibriados the Contemplative
  3492 | D:5      | Noticed an ice beast
  3493 | D:5      | Noticed Menkaure
  3500 | D:5      | Mangled by an ice beast

Illustrated notes

Levels and vault maps discovered:
D:1:      minmay_arrival_four_loops, layout_basic
D:2:      layout_basic, overflow_temple_1_default, bloody_trog, first_ration
D:3:      layout_basic
D:4:      layout_rooms
D:5:      layout_rooms, temple_statues, uniq_menkaure
Temple:   dpeg_five_rooms_temple

Skill      XL: |  1  2  3  4  5 |
---------------+----------------+-----
Fighting       | 3 4 |  4.0
Long Blades    | 4 5 |  5.4
Throwing       | |  2.0
Dodging        | |  3.0

Action                   |  1- 3 |  4- 6 || total
-------------------------+-------+-------++-------
Melee: Long sword        |    55 |    51 ||   106
       Constrict         |    17 |    19 ||    36
       Tentacles         |    10 |    12 ||    22
 Stab: Sleeping          |     8 |     7 ||    15
  Eat: Chunk             |     2 |     6 ||     8
Armor: Skin              |     1 |     4 ||     5
Dodge: Dodged            |    35 |    44 ||    79
       Rpst.: Long sword |    11 |    13 ||    24

Table legend:
 A = Non-vault XP
 B = Vault XP
 C = Vault XP percentage of total XP
 D = Non-vault monster count
 E = Vault monster count
 F = Vault count percentage of total count
                 A         B        C        D         E       F
            +---------+---------+-------+---------+---------+-------
      Total |     321 |       0 |   0.0 |      70 |       0 |   0.0
            +---------+---------+-------+---------+---------+-------
        D:1 |      24 |       0 |   0.0 |      11 |       0 |   0.0
        D:2 |      42 |       0 |   0.0 |      22 |       0 |   0.0
        D:3 |      90 |       0 |   0.0 |      26 |       0 |   0.0
        D:4 |      99 |       0 |   0.0 |       4 |       0 |   0.0
        D:5 |      66 |       0 |   0.0 |       7 |       0 |   0.0
            +---------+---------+-------+---------+---------+-------
